 Dungeon Sprint DCSS version 0.27-a0-1147-gb3d8e82157 (webtiles) character file.

Game seed: 8712899401544064539

977 Zeld the Zephyrmancer (level 8, 12/57 HPs)
             Began as an Octopode Air Elementalist on May 12, 2021.
             Was a Believer of Sif Muna.
             Quit the game in the Dungeon (Sprint V: "Ziggurat Sprint").
             The game lasted 00:01:58 (344 turns).

Zeld the Zephyrmancer (Octopode Air Elementalist)    Turns: 344, Time: 00:01:59

Health: 12/57      AC:  1    Str:  7    XL:     8   Next: 17%
Magic:  0/18       EV: 15    Int: 32    God:    Sif Muna [**....]
Gold:   0          SH:  5    Dex: 12    Spells: 9/21 levels left

rFire    . . .     SeeInvis .   (no weapon)
rCold    . . .     Faith    .   (no shield)
rNeg     . . .     Spirit   .   (helmet restricted)
rPois    .         Reflect  +   j - amulet of reflection
rElec    .         Harm     .   t - +6 ring of intelligence
rCorr    .         Rampage  .   u - +6 ring of intelligence
Will     .....     NoTele   +   (no ring)
Stlth    +++.......             (no ring)
HPRegen  0.19/turn              (no ring)
MPRegen  0.16/turn              (no ring)
                                (no ring)
                                (no ring)

@: no status effects
A: almost no armour, amphibious, 8 rings, camouflage 1, gelatinous body 1,
(nimble swimmer 1), tentacles
a: Renounce Religion, Channel Magic


You were in the Dungeon.
You worshipped Sif Muna.
Sif Muna was pleased with you.
You visited 1 branch

Inventory:

Jewellery
 j - an amulet of reflection (around mantle)
 t - a +6 ring of intelligence (left tentacle)
 u - a +6 ring of intelligence (right tentacle)
Wands
 q - a wand of mindburst (7)
 s - a wand of acid (3)
Scrolls
 g - a scroll of blinking
 l - 4 scrolls of amnesia
 m - 7 scrolls of fog
 n - a scroll of holy word
 o - 5 scrolls of identify
 p - 2 scrolls of fear
Potions
 a - 2 potions of brilliance
 b - 10 potions of curing
 c - 8 potions of heal wounds
 d - 6 potions of haste
 e - 7 potions of magic
 f - 3 potions of berserk rage
 h - 2 potions of invisibility
 i - 4 potions of resistance
 k - 5 potions of might
Miscellaneous
 v - a lightning rod (4/4)


   Skills:
 + Level 5.8 Fighting
 + Level 6.3 Dodging
 - Level 2.6 Stealth
 + Level 7.1 Spellcasting
 - Level 1.0 Conjurations
 * Level 10.8 Air Magic
 * Level 9.3 Invocations


You had 9 spell levels left.
You knew the following spells:

 Your Spells              Type           Power      Damage    Failure   Level
a - Shock                 Conj/Air       100%       1d9       1%          1
b - Static Discharge      Conj/Air       49%        N/A       1%          2
c - Airstrike             Air            34%        N/A       1%          4
d - Lightning Bolt        Conj/Air       24%        1d40      10%         5

Your spell library contained the following spells:

 Spells                   Type           Power      Damage    Failure   Level
 Swiftness                Air            69%        N/A       1%          3


Dungeon Overview and Level Annotations

Branches:
Dungeon (1/1)

Altars:
Ashenzari
Cheibriados
Dithmenos
Elyvilon
Fedhas
Gozag
Hepliaklqana
Kikubaaqudgha
Makhleb
Nemelex Xobeh
Okawaru
Qazlal
Ru
Sif Muna
Trog
Uskayaw
Vehumet
Wu Jian
Xom
Yredelemnul
Zin
The Shining One
Beogh
Jiyva
Lugonu

Annotations:
D 1 transporter


Innate Abilities, Weirdness & Mutations

You cannot wear most types of armour.
You are amphibious.
You can wear up to eight rings at the same time.
Your skin changes colour to match your surroundings (Stealth+).
Your rubbery body absorbs attacks. (AC +1, EV +1)
((You are camouflaged near water. (Stealth+)))
You have tentacles for arms and can constrict up to eight enemies at once.


Message History

Aiming: Corrosive Bolt
Press: ? - help, Shift-Dir - straight line The bolt of acid hits the toenail golem.
The toenail golem is splashed with acid!
The acid corrodes the toenail golem!
The toenail golem is moderately damaged.
The bolt of acid hits the toenail golem!
The toenail golem is splashed with acid.
You destroy the toenail golem!
Sif Muna accepts your kill.
Your lightning rod (4/4) has regained three charges.
Your Dodging skill increases to level 6!
Your Spellcasting skill increases to level 7!
Your Invocations skill increases to level 9!
You have reached level 8!
The toenail golem hits you!
* * * LOW HITPOINT WARNING * * *
You see here a +2 robe of willpower.
You block the toenail golem's attack. The toenail golem hits you!
* * * LOW HITPOINT WARNING * * *
You feel much better. The toenail golem barely misses you. x2
You feel much better. You block the toenail golem's attack.
The toenail golem closely misses you.
Casting: Lightning Bolt (quite dangerous; 10% risk of failure)
Confirm with . or Enter, or press ? or * to list all spells.
The air crackles with electrical energy.
The toenail golem hits you. x2
Casting: Static Discharge (safe; 1% risk of failure)
Confirm with . or Enter, or press ? or * to list all spells.
A blue arc grounds itself harmlessly.
The toenail golem hits you! The toenail golem misses you.
Unknown command.
Casting: Static Discharge (safe; 1% risk of failure)
Confirm with . or Enter, or press ? or * to list all spells.
A blue arc grounds itself harmlessly.
The toenail golem hits you.
* * * LOW HITPOINT WARNING * * *
The toenail golem hits you.
* * * LOW HITPOINT WARNING * * *
Unknown command.
Are you sure you want to abandon this character and quit the game? (Confirm with "yes".)

▓▓▓▓▓▓▓▓▓▓▓▓▓▓▓▓▓▓
▓.8©8.▓.8©8.▓.8©8.
▓.8|}.▓.[)).▓.....
▓@8|..▓.....▓...|.
▓.....▓.....▓.....
▓.....▓.....▓..†..
▓.....▓.....▓..©..
▓..©..▓..©..▓▓▓▓▓▓
▓▓▓▓▓▓▓▓▓▓▓▓▓


You could see 2 toenail golems.

Vanquished Creatures
  2 toenail golems (D)
  2 water moccasins (D)
  A quasit (D)
  A small abomination (D)
  An ufetubus (D)
7 creatures vanquished.

Notes
Turn   | Place    | Note
-------+----------+-------------------------------------------
     0 | D        | Zeld the Octopode Air Elementalist began the quest for the
                  | Orb.
     0 | D        | Reached XP level 1. HP: 11/11 MP: 3/3
     0 | D        | Found a blossoming altar of Fedhas.
     1 | D        | Found the +6 Majin-Bo {vamp, MP+6 Int+6}
     1 | D        | Found the +9 heavy crossbow "Sniper" {vorpal, Acc+∞ SInv}
     1 | D        | Found the +10 dark maul {vorpal}
     1 | D        | Found the +15 Maxwell's patent armour {-Cast -Tele rElec
                  | Will+ rCorr}
     1 | D        | Found the +18 shield of the Gong {rElec rN+ Will+ EV-5}
     1 | D        | Found the +14 obsidian axe {vorpal, Drain Fly SInv}
     1 | D        | Found the +7 great mace "Firestarter" {inner flame, rF++}
     1 | D        | Found the +6 shillelagh "Devastator" {shatter}
     1 | D        | Found the +11 plutonium sword {Contam Stlth-}
     1 | D        | Found the +8 lance "Wyrmbane" {slay drac, rPois rF+ rC+
                  | AC+3}
     1 | D        | Found the +9 sword of Zonguldrok {reap}
     1 | D        | Found the +13 scythe of Curses {drain, Drain}
     1 | D        | Found the +5 sword of Power {vorpal}
     1 | D        | Found the +7 mace of Variability {chain chaos}
     1 | D        | Found the +7 Singing Sword {vorpal, sonic wave}
     1 | D        | Found the +8 storm bow {elec, penet}
     1 | D        | Found a shimmering blue altar of Sif Muna.
     1 | D        | Found a sacrificial altar of Ru.
     1 | D        | Found a bloodstained altar of Trog.
     1 | D        | Found a stormy altar of Qazlal.
     1 | D        | Found an iron altar of Okawaru.
     1 | D        | Found a sparkling altar of Nemelex Xobeh.
     3 | D        | Found a transporter.
     3 | D        | Found an ancient bone altar of Kikubaaqudgha.
     3 | D        | Found a viscous altar of Jiyva.
     3 | D        | Found a corrupted altar of Lugonu.
     3 | D        | Found a hazy altar of Hepliaklqana.
     3 | D        | Found a burning altar of Makhleb.
     3 | D        | Found an opulent altar of Gozag.
    16 | D        | Reached skill level 6 in Air Magic
    16 | D        | Reached XP level 2. HP: 17/17 MP: 4/7
    21 | D        | Became a worshipper of Sif Muna the Loreminder
   118 | D        | Entered arena 2.
   118 | D        | Noticed a water moccasin
   118 | D        | Noticed a water moccasin
   118 | D        | Found a transporter.
   120 | D        | Killed a water moccasin
   120 | D        | Killed a water moccasin
   121 | D        | Reached skill level 5 in Spellcasting
   121 | D        | Reached skill level 8 in Air Magic
   121 | D        | Reached skill level 5 in Invocations
   121 | D        | Reached XP level 3. HP: 12/26 MP: 8/10
   121 | D        | Reached XP level 4. HP: 14/31 MP: 8/11
   121 | D        | Reached XP level 5. HP: 16/36 MP: 9/13
   124 | D        | Learned a level 2 spell: Static Discharge
   129 | D        | Learned a level 4 spell: Airstrike
   135 | D        | Learned a level 5 spell: Lightning Bolt
   285 | D        | Entered arena 3.
   285 | D        | Found a transporter.
   286 | D        | Reached * piety under Sif Muna
   288 | D        | Reached XP level 6. HP: 42/42 MP: 14/14
   290 | D        | Reached skill level 9 in Air Magic
   319 | D        | Entered arena 4.
   319 | D        | Noticed a toenail golem
   319 | D        | Noticed a toenail golem
   319 | D        | Noticed a toenail golem
   319 | D        | Noticed a toenail golem
   319 | D        | Found a transporter.
   328 | D        | Killed a toenail golem
   328 | D        | Reached ** piety under Sif Muna
   329 | D        | Reached skill level 5 in Fighting
   329 | D        | Reached skill level 5 in Dodging
   329 | D        | Reached skill level 10 in Air Magic
   329 | D        | Reached XP level 7. HP: 20/50 MP: 14/16
   336 | D        | Killed a toenail golem
   337 | D        | Reached XP level 8. HP: 24/57 MP: 5/18
   338 | D        | HP: 1/57 [toenail golem (12)]
   344 | D        | Quit the game

Illustrated notes

Levels and vault maps discovered:
D:        sprint_v [room_start, room_1, room_2, room_3, room_4, room_5, room_6,
          room_7, room_8, room_9, room_10, room_11, room_12, room_13, room_14,
          room_15, room_16, room_17, room_18, room_19, room_20, room_21,
          room_22, room_23, room_24, room_25, room_26, room_27]

Skill      XL: |  1  2  3  4  5  6  7 |
---------------+----------------------+-----
Spellcasting   | 4 5 6 7 |  7.1
Air Magic      | 6 8 10 | 10.8
Fighting       | 3 5 |  5.8
Dodging        | 4 5 6 |  6.3
Invocations    | 5 8 9 |  9.3
Stealth        | |  2.6
Conjurations   | |  1.0

Action                   |  1- 3 |  4- 6 |  7- 9 || total
-------------------------+-------+-------+-------++-------
 Cast: Lightning Bolt    |       |       |     2 ||     2
       Static Discharge  |       |       |     3 ||     3
Evoke: Wand              |     2 |     8 |     1 ||    11
       Lightning rod     |       |     4 |     3 ||     7
  Use: Potion            |     1 |       |     2 ||     3
       Scroll            |       |     1 |     2 ||     3
Dodge: Dodged            |     2 |     1 |     4 ||     7
Block: Other             |       |       |     2 ||     2

Table legend: (Time is in decaauts)
 A = Elapsed time spent in this place.
 B = Non-inter-level travel time spent in this place.
 C = Inter-level travel time spent in this place.
 D = Time resting spent in this place.
 E = Time spent auto-exploring this place.
 F = Levels seen in this place.
 G = Mean time per level.
                   A        B        C        D        E       F      G
               +--------+--------+--------+--------+--------+-----+--------+
         Total |    343 |    343 |      0 |    231 |      0 |   1 |  343.0 |
       Dungeon |    343 |    343 |      0 |    231 |      0 |   1 |  343.0 |
               +--------+--------+--------+--------+--------+-----+--------+

Top non-repeatable levels by time:
       D: 343 daAuts
